 Dungeon Crawl Stone Soup version 0.18-a0-1685-g4482fe3 (webtiles) character file.

98 4thArraOfDagon the Chopper (level 4, -4/61 HPs)
             Began as a Hill Orc Berserker on Apr 4, 2016.
             Was a Believer of Trog.
             Slain by an orc priest
             ... wielding a +0 mace
              (11 damage)
             ... on level 5 of the Dungeon.
             The game lasted 00:01:57 (416 turns).

4thArraOfDagon the Chopper (Hill Orc Berserker)      Turns: 416, Time: 00:01:57

Health: -4/61      AC:  2    Str: 25    XL:     4   Next: 69%
Magic:  4/4        EV: 12    Int: 12    God:    Trog [**....]
Gold:   79         SH:  0    Dex: 10    Spells: 0 memorised, 3 levels left

rFire  . . .     SeeInvis .     a - +0 hand axe
rCold  . . .     Gourm    .     b - +0 animal skin
rNeg   . . .     Faith    .     (no shield)
rPois  .         Spirit   .     (no helmet)
rElec  .         Dismiss  .     (no cloak)
rCorr  .         Reflect  .     (no gloves)
SustAt .         Harm     .     (no boots)
MR     .....                    (no amulet)
Stlth  ..........               (no ring)
                                (no ring)

@: brilliant, berserking, very slightly contaminated, invisible, very quick, not
resistant to hostile enchantments, extremely unstealthy
A: no striking features
a: Berserk, Trog's Hand, Burn Spellbooks, Renounce Religion


You were on level 5 of the Dungeon.
You worshipped Trog.
Trog was pleased with you.
You were hungry.

You visited 1 branch of the dungeon, and saw 5 of its levels.

You collected 79 gold pieces.

Inventory:

Hand Weapons
 a - a +0 hand axe (weapon)
Armour
 b - a +0 animal skin (worn)
Scrolls
 e - 2 scrolls of remove curse {unknown}
 f - a scroll of recharging {unknown}
 h - a scroll of identify {unknown}
 m - a scroll of random uselessness {unknown}
Potions
 l - a potion of curing {unknown}
Comestibles
 c - 2 bread rations
 d - 3 meat rations
 g - 3 chunks of flesh
 j - a slice of pizza


   Skills:
 + Level 4.4 Fighting
 * Level 5.7 Axes
 + Level 3.1 Armour
 - Level 1.5 Dodging


You had 3 spell levels left.
You didn't know any spells.

Dungeon Overview and Level Annotations

Branches:
Dungeon (5/15)
 Temple: D:4-7

Altars:
Ashenzari
Okawaru


Message History

Unknown command.
You barely miss the orc priest.
The orc priest is moderately wounded.
You closely miss the orc wizard.
The jackal barks! x3
The orc priest closely misses you. The orc wizard barely misses you.
The jackal barks!
Unknown command.
Unknown command.
You barely miss the orc priest.
The orc priest is moderately wounded.
You barely miss the orc wizard.
You catch the helpless jackal completely off-guard!
You slash the jackal!
You feel the power of Trog in you as your rage grows.
You kill the jackal!
Trog accepts your kill.
The jackal barks! x2
The orc priest hits you with a mace!
You die...

....# ...(.##
.......###
.........#
.........# ##...
......... #......
..h...h.# #.!......
....$.o@## #......^.
.......o†###.s......
.......#..#.........
.......##...........
....... ##..........
......# #..........
#..... ##..........
#..... #...........
#.<....$...>


You could see an orc priest, an orc wizard and 2 jackals.

Vanquished Creatures
  Blork the orc (D:4)
  An ooze (D:1)
  A dart slug (D:1)
  An orc (D:5)
  3 giant cockroaches
  A goblin (D:1)
  A hobgoblin (D:1)
  7 jackals
  2 kobolds (D:1)
  A quokka (D:3)
  A bat (D:3)
  4 rats (D:1)
24 creatures vanquished.

Notes
Turn   | Place    | Note
--------------------------------------------------------------
     0 | D:1      | 4thArraOfDagon the Hill Orc Berserker began the quest for the Orb.
     0 | D:1      | Reached XP level 1. HP: 19/19 MP: 1/1
    82 | D:1      | Reached XP level 2. HP: 9/27 MP: 2/2
   125 | D:1      | NIGHTMARE D:1
   202 | D:1      | Reached XP level 3. HP: 8/33 MP: 3/3
   248 | D:2      | Found an iron altar of Okawaru.
   328 | D:4      | Noticed Blork the orc
   334 | D:4      | Killed Blork the orc
   334 | D:4      | Reached skill level 5 in Axes
   334 | D:4      | Reached XP level 4. HP: 5/41 MP: 4/4
   375 | D:4      | Found a shattered altar of Ashenzari.
   397 | D:5      | Entered Level 5 of the Dungeon
   414 | D:5      | Reached ** piety under Trog
   416 | D:5      | Slain by an orc priest

Vault maps used:
D:1:      onia_arrival_mini_spirals, roderic_roman_lattice
D:2:      okawaru_trees_1, minmay_misc_feat_doors, grunt_ministairs_10,
          nemelex_dance_club_becter, uniq_iyjb
D:4:      nicolae_ashenzari_panopticon, first_bread, sigmund_army,
          uniq_blork_the_orc, uniq_grinder
D:5:      kennysheep_kobold_camp, basic_altar

Skill      XL: |  1  2  3 |
---------------+----------+-----
Fighting       | 4 |  4.4
Axes           | 5 |  5.7
Armour         | 3 |  3.1
Dodging        | |  1.5

Action                   |  1- 3 |  4- 6 || total
-------------------------+-------+-------++-------
Melee: Hand axe          |    48 |     7 ||    55
Invok: Berserk           |     3 |     1 ||     4
  Use: Potion            |       |     2 ||     2
 Stab: Invisible         |       |     1 ||     1
  Eat: Chunk             |       |     1 ||     1
